 Dungeon Crawl Stone Soup version 0.28.0-53-g5a82cb258f (webtiles) character file.

Game seed: 8181895470331938841

2820 doricub5 the Fighter (level 9, -5/90 HPs)
             Began as a Minotaur Fighter on Aug 6, 2022.
             Was an Elder of Trog.
             Slain by an orc warrior
             ... wielding a +0 mace
              (8 damage)
             ... on level 8 of the Dungeon.
             The game lasted 00:36:34 (8256 turns).

doricub5 the Fighter (Minotaur Fighter)             Turns: 8256, Time: 00:36:34

Health: -5/90      AC: 15    Str: 30    XL:     9   Next: 45%
Magic:  8/8        EV:  8    Int:  5    God:    Trog [****..]
Gold:   466        SH:  0    Dex: 12    Spells: 8/8 levels left

rFire   + . .      SeeInvis .   u - +2 trident (flame)
rCold   x . .      Faith    +   c - +0 buckler
rNeg    . . .      Spirit   .   g - +0 chain mail
rPois   +          Reflect  .   (helmet restricted)
rElec   .          Harm     .   (no cloak)
rCorr   .          Rampage  .   f - +0 pair of gloves
Will    .....                   r - +1 pair of boots
Stlth   ..........              w - amulet of faith
HPRegen 0.25/turn               s - ring of poison resistance
MPRegen 0.11/turn               v - ring "Nusy" {Fire Str+5 Dex+2}

@: confused
A: horns 2, retaliatory headbutt
a: Renounce Religion, Berserk, Trog's Hand, Brothers in Arms


You were on level 8 of the Dungeon.
You worshipped Trog.
Trog was greatly pleased with you.
You visited 2 branches of the dungeon, and saw 9 of its levels.
You also visited: Ossuary.

You collected 571 gold pieces.
You spent 105 gold pieces at shops.

Inventory:

Hand Weapons
 a - a +0 war axe
 u - a +2 trident of flaming (weapon)
 y - a +2 vampiric hand axe
Armour
 c - a +0 buckler (worn)
 f - a +0 pair of gloves (worn)
 g - a +0 chain mail (worn)
 r - a +1 pair of boots (worn)
Jewellery
 s - a ring of poison resistance (left hand)
 v - the ring "Nusy" (right hand) {Fire Str+5 Dex+2}
   (You found it on level 3 of the Dungeon)

   [ring of fire]

   It enhances your fire magic.
   Str:       It affects your strength (+5).
   Dex:       It affects your dexterity (+2).
   rF:        It protects you from fire.
   rC:        It makes you vulnerable to cold.
 w - an amulet of faith (around neck)
 z - a +6 ring of dexterity
 H - a +6 ring of intelligence
Wands
 d - a wand of paralysis (9)
 D - a wand of charming (11)
Scrolls
 b - a scroll of enchant weapon {unknown}
 e - 2 scrolls of blinking
 h - 2 scrolls of magic mapping {unknown}
 i - 2 scrolls of vulnerability {unknown}
 j - 3 scrolls of fear
 n - a scroll of teleportation
 o - a scroll of immolation {unknown}
 A - a scroll of silence {unknown}
 B - a scroll of holy word {unknown}
 C - 2 scrolls of fog {unknown}
 F - a scroll of enchant armour {unknown}
 G - a scroll of brand weapon {unknown}
Potions
 k - 2 potions of magic
 l - a potion of lignification
 m - a potion of cancellation
 p - a potion of might
 q - a potion of degeneration {unknown}
 t - 4 potions of curing
 x - 2 potions of flight
 E - a potion of ambrosia {unknown}


   Skills:
 * Level 12.0 Fighting
 - Level 2.4 Axes
 + Level 8.9 Armour
 + Level 0.0 Dodging
 - Level 3.6 Shields
 - Level 5.0 Evocations


You had 8 spell levels left.
You didn't know any spells.
Your spell library was empty.

Dungeon Overview and Level Annotations

Branches:
Dungeon (8/15)             Temple (1/1) D:5         Ossuary (visited)
   Lair: D:8-11

Altars:
Ashenzari
Cheibriados
Dithmenos
Elyvilon
Fedhas
Gozag
Hepliaklqana
Kikubaaqudgha
Makhleb
Nemelex Xobeh
Okawaru
Qazlal
Sif Muna
Trog
Uskayaw
Vehumet
Wu Jian
Xom
Yredelemnul
Zin
The Shining One

Shops:
D:1 (   D:4 *

Annotations:
D:4 potion and scroll shop


Innate Abilities, Weirdness & Mutations

You have a pair of horns on your head.
You reflexively headbutt those who attack you in melee.


Message History

You are electrocuted!
You puncture the orc warrior! You burn the orc warrior.
You headbutt the orc warrior.
The orc warrior is heavily wounded.
The orc warrior barely misses you.
The orc wizard hits you but does no damage.
You hit the orc warrior. You burn the orc warrior.
The orc warrior is severely wounded.
The orc warrior hits you with a +0 mace!
The orc wizard completely misses you. You furiously retaliate!
You headbutt the orc wizard. The orc warrior barely misses you.
You are too injured to fight recklessly!
You are too injured to fight recklessly!
You are too injured to fight recklessly!
You are too injured to fight recklessly!
You hit the orc warrior but do no damage.
The orc warrior is severely wounded.
The orc wizard hits you with a +2 dagger of electrocution.
The orc warrior hits you but does no damage.
You closely miss the orc warrior. Your headbutt misses the orc warrior.
The orc warrior is severely wounded.
The orc wizard hits you but does no damage.
You are electrocuted!!
* * * LOW HITPOINT WARNING * * *
The orc warrior hits you with a +0 mace.
* * * LOW HITPOINT WARNING * * *
The orc wizard points at you and mumbles some strange words.
You are confused.
You're too confused to move!
The orc warrior completely misses you.
The orc wizard hits you but does no damage.
Okay, then.
You're too confused to move!
The orc completely misses you.
The orc warrior hits you with a +0 mace!
* * * LOW HITPOINT WARNING * * *
The orc hits you but does no damage.
The orc wizard hits you with a +2 dagger of electrocution.
* * * LOW HITPOINT WARNING * * *
You bump into the tree.
The orc hits you but does no damage.
The orc warrior hits you with a +0 mace!
You die...

#.#.# #.#
#.#.# #<#
#.#.#
#.####
#.#.#
#....#
#...#
####.##
###..##
#...
#.....###
#...
##.###...#
#...
♣.♣@♣..#.#
#.#.
..♣ooo♣.#.#
#.#.
♣.♣.♣.♣.♣#
# #.#.
..♣...♣)..#
#.#. .♣.♣)♣
♣.♣# #.#.
♣...♣ .♣..
#.#. ♣.♣.♣
♣ ♣.. #.#.
...♣ #.#
#.# ♣.♣ .#
...


You could see an orc warrior, an orc wizard and an orc.

Vanquished Creatures
  A black bear (D:6)
  An orc warrior (D:3)
  3 sky beasts
  3 ice beasts
  4 ogres
  A centaur (D:8)
  2 kobold brigands
  A bullfrog (D:3)
  A gnoll sergeant (D:7)
  A scorpion (D:6)
  5 killer bees (D:7)
  A water moccasin skeleton (D:7)
  A howler monkey (D:5)
  A centaur zombie (Ossuary)
  2 jellies
  2 hounds
  6 orc priests
  Ijyb (D:3)
  A bullfrog skeleton (D:4)
  Natasha (twice) (D:4)
  A scorpion zombie (D:5)
  2 iguanas
  5 orc wizards
  3 hound skeletons (D:4)
  2 mummies (Ossuary)
  A howler monkey zombie (D:5)
  8 adders
  4 gnolls
  A shadow imp (D:7)
  3 white imps
  3 ufetubi
  2 worms
  2 dart slugs
  29 orcs
  5 endoplasms
  3 giant cockroaches
  7 goblins
  8 hobgoblins
  8 jackals
  4 quokkas
  10 ball pythons
  9 bats
  5 frilled lizards
  5 gnoll zombies (Ossuary)
  6 goblin zombies
  2 hobgoblin zombies (Ossuary)
  15 kobolds
  2 orc zombies (Ossuary)
  4 rats
199 creatures vanquished.

Vanquished Creatures (others)
  A butterfly (D:4)
1 creature vanquished.

Grand Total: 200 creatures vanquished

Notes
Turn   | Place    | Note
-------+----------+-------------------------------------------
     0 | D:1      | doricub5 the Minotaur Fighter began the quest for the Orb.
     0 | D:1      | Reached XP level 1. HP: 19/19 MP: 0/0
    81 | D:1      | Reached skill level 4 in Fighting
   129 | D:1      | Reached XP level 2. HP: 24/27 MP: 1/1
   462 | D:1      | Found Soiceges's Antique Weapon Emporium.
   470 | D:1      | Reached XP level 3. HP: 23/34 MP: 2/2
   955 | D:2      | Found a faded altar of an unknown god.
  1039 | D:2      | Reached skill level 5 in Fighting
  1842 | D:3      | Noticed a bullfrog
  1849 | D:3      | Killed a bullfrog
  1850 | D:3      | Reached XP level 4. HP: 44/44 MP: 3/3
  1852 | D:3      | Noticed Ijyb
  1856 | D:3      | Reached skill level 6 in Fighting
  1864 | D:3      | Paralysed by Ijyb for 6 turns
  1870 | D:3      | Killed Ijyb
  1871 | D:3      | Reached skill level 5 in Armour
  1871 | D:3      | Reached XP level 5. HP: 39/50 MP: 4/4
  1951 | D:3      | You fall into a shaft and drop 2 floors!
  1951 | D:5      | Entered Level 5 of the Dungeon
  1951 | D:5      | Found a staircase to the Ecumenical Temple.
  1957 | Temple   | Entered the Ecumenical Temple
  2184 | Temple   | Became a worshipper of Trog the Wrathful
  2513 | D:4      | Reached skill level 1 in Evocations
  2726 | D:4      | Reached XP level 6. HP: 58/58 MP: 5/5
  2728 | D:4      | Noticed Natasha
  2735 | D:4      | Killed Natasha
  2738 | D:4      | Found a white marble altar of Elyvilon.
  2806 | D:4      | Reached skill level 7 in Fighting
  2959 | D:3      | Reached * piety under Trog
  3012 | D:3      | Noticed an orc warrior
  3023 | D:3      | Killed an orc warrior
  3602 | D:3      | Identified the ring "Nusy" {Fire Str+5 Dex+2}
  3797 | D:3      | Reached ** piety under Trog
  3798 | D:3      | Reached XP level 7. HP: 67/67 MP: 6/6
  4295 | D:4      | Found Moifoa's Assorted Antiques.
  4344 | D:4      | Bought 2 sapphire potions for 39 gold pieces
  4726 | D:4      | Reached skill level 8 in Fighting
  4985 | D:4      | Bought a scroll of identify for 44 gold pieces
  5532 | D:5      | Found a basalt altar of Yredelemnul.
  5539 | D:5      | Found a shimmering blue altar of Sif Muna.
  5630 | D:5      | Found a blossoming altar of Fedhas.
  5712 | D:5      | Reached skill level 9 in Fighting
  5712 | D:5      | Reached XP level 8. HP: 69/78 MP: 7/7
  6026 | D:6      | Found an iron altar of Okawaru.
  6163 | D:6      | Reached skill level 10 in Fighting
  6283 | D:6      | Reached *** piety under Trog
  6364 | D:6      | Found an ornate altar of the Wu Jian Council.
  6616 | D:7      | HP: 4/81 [poisoned by a kobold]
  6619 | D:7      | Reached XP level 9. HP: 3/86 MP: 8/8
  6645 | D:7      | Reached skill level 11 in Fighting
  6775 | D:7      | Found a sand-covered staircase.
  7021 | Ossuary  | Entered an ossuary
  7103 | Ossuary  | Reached **** piety under Trog
  7262 | D:4      | Noticed Natasha
  7273 | D:4      | Killed Natasha
  7274 | D:4      | Reached skill level 5 in Evocations
  7295 | D:4      | Bought a scroll labelled YDEFEPPUEH for 22 gold pieces
  8103 | D:8      | Reached skill level 12 in Fighting
  8187 | D:8      | Found a stormy altar of Qazlal.
  8255 | D:8      | HP: 3/90 [orc wizard/+2 dagger of electrocution (4)]
  8256 | D:8      | Slain by an orc warrior

Illustrated notes

Levels and vault maps discovered:
D:1:      erik_arrival_cave_to_civilisation [erik_arrival_cave_to_hall],
          layout_basic, serial_shops, nicolae_shop_advertising_works
          [nicolae_subvault_shop_adworks]
D:2:      minmay_wonky_spiral, layout_basic, nicolae_ecumenical_oubliette,
          chequers_serial_rivers_small_a, roderic_lattice_a
D:3:      minmay_octagon_keep, layout_basic, corexii_corridor_pit, st_stairs_13,
          grunt_ministairs_10, small_statue_intersection,
          chequers_serial_rivers_large_a, uniq_ijyb
D:4:      layout_layer_cave, nicolae_elyvilon_peaceful_grove, serial_shops,
          shop, roderic_roman_lattice, uniq_natasha
D:5:      layout_basic, mainiacjoe_overflow_brackets,
          grunt_temple_overflow_open, minmay_temple_entry_junction_2,
          chequers_serial_rivers_marsh
D:6:      layout_basic, lemuel_round_altar, mainiacjoe_overflow_surrounded_room
D:7:      layout_basic, enter_ossuary_4
D:8:      layout_loops_ring, nicolae_qazlal_general_emergency, minivault_22,
          kennysheep_crisscross, kennysheep_another_room,
          mrwooster_statue_mirror, kennysheep_generic_room_2
Temple:   eino_narrow_crystal_temple

Skill      XL: |  1  2  3  4  5  6  7  8  9 |
---------------+----------------------------+-----
Fighting       | 4 5 6 7 9 10 12 | 12.0
Armour         | 4 5 6 8 |  8.9
Evocations     | 1 2 3 4 5 |  5.0
Axes           | |  2.4
Shields        | |  3.6

Action                   |  1- 3 |  4- 6 |  7- 9 || total
-------------------------+-------+-------+-------++-------
Melee: War axe           |    93 |   123 |       ||   216
       Headbutt          |     8 |    11 |    41 ||    60
       Trident           |       |    14 |   267 ||   281
Invok: Berserk           |       |       |     1 ||     1
       Trog's Hand       |       |       |     1 ||     1
  Use: Potion            |     1 |       |     2 ||     3
       Scroll            |       |       |     9 ||     9
Armor: Scale mail        |    34 |       |       ||    34
       Chain mail        |     9 |   120 |   177 ||   306
Dodge: Dodged            |    51 |    48 |   118 ||   217
Block: Buckler           |    23 |    45 |    51 ||   119
